 Dungeon Crawl Stone Soup version 0.13.1-22-g086cdba (webtiles) character file.

4488 Kae the Martial Artist (level 10, -4/72 HPs)
             Began as a Green Draconian Transmuter on Jan 1, 2014.
             Was an Initiate of Sif Muna.
             Slain by a manticore (7 damage)
             ... while paralysed by a giant eyeball
             ... on Level 8 of the Dungeon.
             The game lasted 00:25:24 (11202 turns).

Kae the Martial Artist (DrTm)                      Turns: 11202, Time: 00:25:25

HP  -4/72        AC  2     Str 13      XL: 10   Next:  9%
MP   0/15        EV  5     Int 14      God: Sif Muna [......]
Gold 270         SH  0     Dex 22      Spells:  4 memorised,  2 levels left

Res.Fire  : . . .   See Invis. : .     - Unarmed
Res.Cold  : . . .   Warding    : .   (armour unavailable)
Life Prot.: . . .   Conserve   : .   (shield currently unavailable)
Res.Poison: x       Res.Corr.  : .   (helmet currently unavailable)
Res.Elec. : .       Clarity    : .   o - melded -1 cloak (curse)
Sust.Abil.: . .     Spirit.Shd : +   (gloves currently unavailable)
Res.Mut.  : .       Stasis     : .   (boots currently unavailable)
Res.Rott. : .       Flight     : .   h - amulet of guardian spirit
Saprovore : . . .                    n - ring of wizardry
                                     p - +3 ring of dexterity

@: spider-form, paralysed, quick, somewhat resistant to hostile enchantments,
fairly stealthy
A: (breathe noxious fumes), unfitting armour, (poison resistance), AC +7
a: End Transformation, Renounce Religion


You were on level 8 of the Dungeon.
You worshipped Sif Muna.
Sif Muna was noncommittal.
You were not hungry.
You were in spider-form.
You visited 2 branches of the dungeon, and saw 9 of its levels.

You collected 319 gold pieces.
You spent 69 gold pieces at shops.

Inventory:

Missiles
 b - 25 arrows
 j - 21 arrows of frost
 l - 13 arrows of flame
Armour
 o - a cursed -1 cloak (melded)
Magical devices
 k - a wand of confusion (0)
 r - a wand of polymorph (5)
Comestibles
 a - 7 bread rations
 c - a royal jelly
 g - a choko
 q - an orange
 u - 2 pears
 z - 2 meat rations
Scrolls
 e - 2 scrolls of noise
 f - a scroll of identify
 m - 2 scrolls of blinking
 y - 4 scrolls of remove curse
 C - a scroll of recharging
Jewellery
 h - an amulet of guardian spirit (around neck)
 i - an uncursed ring of protection from fire
 n - a ring of wizardry (right front leg)
 p - a +3 ring of dexterity (left front leg)
Potions
 s - 2 potions of mutation
 t - a potion of restore abilities
 w - a potion of invisibility
 A - a potion of magic
 B - 2 potions of heal wounds
 D - a potion of brilliance {unknown}
 E - a potion of resistance
 F - a potion of speed
 H - a potion of curing
Books
 d - a book of Changes

   Spells                             Type                      Level
   *Beastly Appendage                 Transmutation                1
   *Sticks to Snakes                  Transmutation                2
   *Spider Form                       Transmutation/Poison         3
   Ice Form                           Ice/Transmutation            4
   *Blade Hands                       Transmutation                5
 v - a book of Death

   Spells                             Type                      Level
   Corpse Rot                         Necromancy                   2
   Sublimation of Blood               Necromancy                   2
   Agony                              Necromancy                   5
   Dispel Undead                      Necromancy                   5
   Excruciating Wounds                Charms/Necromancy            5
   Bolt of Draining                   Conjuration/Necromancy       6


   Skills:
 - Level 1.1 Fighting
 - Level 1.7 Dodging
 * Level 12.0 Unarmed Combat
 - Level 2.0 Spellcasting
 + Level 8.8 Transmutations


You had 2 spell levels left.
You knew the following spells:

 Your Spells              Type           Power        Failure   Level  Hunger
a - Beastly Appendage     Trmt           ####..       1%          1    ##.....
b - Sticks to Snakes      Trmt           ####......   1%          2    ###....
c - Spider Form           Trmt/Pois      ##........   13%         3    ####...
d - Blade Hands           Trmt           ####......   17%         5    ######.


Dungeon Overview and Level Annotations

Branches:
Dungeon (8/27)             Temple (1/1) D:7             Orc (0/4) D:8
   Lair: D:8-13

Altars:
Ashenzari
Elyvilon
Fedhas
Nemelex Xobeh
Okawaru
Sif Muna
Trog
Xom
Yredelemnul
Zin
the Shining One

Shops:
D:6 /(!}   D:8 =*(

Annotations:
D:3 Kae's ghost, weakling DrTm


Innate Abilities, Weirdness & Mutations

((You can breathe blasts of noxious fumes.))*
((Your lurid green scales are hard (AC +7).))*
Your body does not fit into most forms of armour.
Your cold-blooded metabolism reacts poorly to cold.
((Your system is resistant to poisons.))*


Message History

The manticore is moderately wounded.
The kobold throws a spear of returning.
The spear of returning misses you.
The weapon returns to the kobold!
The manticore bites you!
* * * LOW HITPOINT WARNING * * *
The manticore claws you.
* * * LOW HITPOINT WARNING * * *
The manticore claws you!
* * * LOW HITPOINT WARNING * * *
The giant eyeball stares at you.
You suddenly lose the ability to move!
The kobold throws a spear of returning.
Helpless, you fail to dodge the spear of returning.
* * * LOW HITPOINT WARNING * * *
The weapon returns to the kobold!
The kobold throws a spear of returning.
Helpless, you fail to dodge the spear of returning.
* * * LOW HITPOINT WARNING * * *
The weapon returns to the kobold!
The manticore bites you!
* * * LOW HITPOINT WARNING * * *
The manticore claws you!
You die...

#.....# #.....# #.....#
#...g.# #.....#
#.....########################
#.....K.......................
#..............#..............
..........s.#..............
........H..#..............
...........#...>..........
......G####..............
.......#_'...............
.......##################
......... ..#..... .#.....#


You could see a manticore, a giant eyeball and a kobold.

Vanquished Creatures
  Pikel (D:8)
  The ghost of Kae the Insei, an average DrTm (D:4)
  A hippogriff (D:6)
  2 ice beasts
  A sky beast (D:5)
  3 slaves
  2 orc warriors (D:7)
  A black bear (D:7)
  2 phantoms
  7 ogres
  A gnoll sergeant (D:8)
  4 giant frogs
  A hippogriff zombie (D:6)
  6 killer bees (D:7)
  5 jellies
  A goliath beetle (D:7)
  3 scorpions
  8 orc wizards
  2 hounds
  5 orc priests
  A giant frog zombie (D:7)
  A centaur skeleton (D:6)
  A giant frog skeleton (D:5)
  An iguana (D:6)
  5 worker ants
  Ijyb (D:2)
  A sky beast zombie (D:5)
  2 ogre skeletons
  5 gnolls (D:8)
  15 adders
  An inept feature mimic (D:3)
  2 worms (D:2)
  6 giant geckos
  An ooze (D:7)
  39 orcs
  2 ball pythons
  13 bats
  6 giant cockroaches
  13 goblins
  6 hobgoblins
  6 jackals (D:2)
  12 kobolds
  3 quokkas
  A ball python skeleton (D:4)
  7 giant newts
  A jackal zombie (D:5)
  2 kobold skeletons
  A kobold zombie (D:6)
  An orc zombie (D:7)
  A quokka zombie (D:6)
  15 rats
  A sheep (D:3)
  2 ballistomycetes (D:3)
232 creatures vanquished.

Vanquished Creatures (collateral kills)
  A slave (D:8)
1 creature vanquished.

Vanquished Creatures (others)
  A giant spore (D:3)
1 creature vanquished.

Grand Total: 234 creatures vanquished

Notes
Turn   | Place    | Note
--------------------------------------------------------------
     0 | D:1      | Kae, the Draconian Transmuter, began the quest for the Orb.
     0 | D:1      | Reached XP level 1. HP: 16/16 MP: 1/1
   167 | D:1      | Reached XP level 2. HP: 20/23 MP: 3/3
   607 | D:2      | Reached XP level 3. HP: 18/28 MP: 4/4
   824 | D:2      | Noticed Ijyb
   893 | D:2      | Killed Ijyb
   893 | D:2      | Reached skill level 4 in Unarmed Combat
  1370 | D:2      | Reached XP level 4. HP: 33/35 MP: 6/6
  1908 | D:3      | Learned a level 2 spell: Sticks to Snakes
  1912 | D:3      | Learned a level 3 spell: Spider Form
  2016 | D:3      | Found a shimmering altar of Xom.
  2220 | D:3      | Reached skill level 5 in Unarmed Combat
  2220 | D:3      | Reached XP level 5. HP: 21/40 MP: 3/7
  2843 | D:3      | Noticed Kae's ghost (weakling DrTm)
  3359 | D:3      | Reached XP level 6. HP: 15/47 MP: 2/9
  3632 | D:3      | Reached skill level 6 in Unarmed Combat
  4147 | D:4      | Noticed Kae's ghost (average DrTm)
  4440 | D:3      | Your scales start taking on a lurid green colour.
  4440 | D:3      | Gained mutation: Your system is resistant to poisons. [draconian maturity]
  4440 | D:3      | Reached XP level 7. HP: 16/52 MP: 3/10
  4800 | D:4      | Reached skill level 5 in Transmutations
  5307 | D:4      | Reached skill level 7 in Unarmed Combat
  5597 | D:4      | Killed Kae's ghost
  5597 | D:4      | Reached skill level 8 in Unarmed Combat
  5630 | D:4      | Reached XP level 8. HP: 5/60 MP: 1/12
  6089 | D:5      | Entered Level 5 of the Dungeon
  6468 | D:5      | Reached skill level 9 in Unarmed Combat
  6888 | D:6      | Found Plog's Gadget Boutique.
  7146 | D:6      | Found Huebbow's Distillery.
  7157 | D:6      | Bought a potion of paralysis for 13 gold pieces
  7190 | D:6      | Reached skill level 10 in Unarmed Combat
  7375 | D:6      | Reached XP level 9. HP: 58/66 MP: 11/13
  7432 | D:6      | Found Xaikkill's Antique Weapon Shoppe.
  7475 | D:6      | Found Frapnuf's Magical Wand Emporium.
  8130 | D:7      | Found a staircase to the Ecumenical Temple.
  8201 | Temple   | Entered the Ecumenical Temple
  8209 | Temple   | Became a worshipper of Sif Muna the Loreminder
  8787 | D:7      | Reached skill level 11 in Unarmed Combat
 10027 | D:8      | Found Yssim's Weapon Shop.
 10051 | D:8      | Found Cauzaiwi's Assorted Antiques.
 10056 | D:8      | Noticed Pikel
 10716 | D:8      | Found Pleaj's Jewellery Boutique.
 10724 | D:8      | Bought a cursed -4 ring of intelligence for 28 gold pieces
 10724 | D:8      | Bought an uncursed amulet of inaccuracy for 28 gold pieces
 10870 | D:8      | Killed Pikel
 10870 | D:8      | Reached skill level 12 in Unarmed Combat
 10870 | D:8      | Reached XP level 10. HP: 55/72 MP: 13/15
 11021 | D:8      | Found a glowing silver altar of Zin.
 11138 | D:8      | Learned a level 5 spell: Blade Hands
 11146 | D:8      | Found a staircase to the Orcish Mines.
 11171 | D:8      | Found a shattered altar of Ashenzari.
 11191 | D:8      | Paralysed by a giant eyeball for 4 turns
 11200 | D:8      | Paralysed by a giant eyeball for 3 turns
 11202 | D:8      | HP: 3/72 [manticore (6)]
 11202 | D:8      | Slain by a manticore

Action                   |  1- 3 |  4- 6 |  7- 9 | 10-12 || total
-------------------------+-------+-------+-------+-------++-------
Melee: Unarmed           |   123 |   235 |   519 |    22 ||   899
 Cast: Beastly Appendage |     3 |    12 |    42 |     3 ||    60
       Spider Form       |       |       |     6 |     1 ||     7
       Sticks to Snakes  |       |       |     4 |       ||     4
 Abil: Breathe Noxious F |       |       |     6 |       ||     6
Evoke: Wand              |       |     6 |       |       ||     6
  Use: Potion            |     1 |       |     1 |     1 ||     3
       Scroll            |       |       |    17 |     4 ||    21
 Stab: Sleeping          |       |     1 |     4 |       ||     5
       Confused          |       |       |     3 |       ||     3
